 Dungeon Crawl Stone Soup version 0.31-a0-239-g0a1456f148 (webtiles) character file.

Game seed: 18102979033091969074

250 qw the Shooter (level 5, -1/47 HPs)
             Began as a Minotaur Hexslinger on July 11, 2023.
             Killed from afar by an orc wizard (5 damage)
             ... with a magic dart
             ... on level 4 of the Dungeon.
             The game lasted 00:01:03 (2159 turns).

qw the Shooter (Minotaur Hexslinger)                Turns: 2159, Time: 00:01:04

Health: -1/47      AC:  5    Str: 13    XL:     5   Next: 88%
Magic:  5/5        EV: 16    Int: 10    God:
Gold:   105        SH:  0    Dex: 14    Spells: 5/6 levels left

rFire   . . .        Y - +1 sling
rCold   . . .        (no shield)
rNeg    . . .        e - +0 ring mail
rPois   .            (helmet restricted)
rElec   .            (no cloak)
rCorr   .            (no gloves)
SInv    .            (no boots)
Will    .....        (no amulet)
Stlth   +            h - +5 ring of evasion
HPRegen 0.27/turn    (no ring)
MPRegen 0.09/turn

%: no passive effects
@: about to teleport
A: horns 2, retaliatory headbutt
a: no special abilities


You were on level 4 of the Dungeon.
You visited 1 branch of the dungeon, and saw 4 of its levels.

You collected 105 gold pieces.


Innate Abilities, Weirdness & Mutations

You have a pair of horns on your head.
You reflexively headbutt those who attack you in melee.


   Skills:
 - Level 4.4 Fighting
 + Level 5.4 Ranged Weapons
 - Level 1.0 Armour
 - Level 2.1 Dodging
 - Level 1.0 Spellcasting
 - Level 2.0 Hexes


You had 5 spell levels left.
You knew the following spells:

 Your Spells              Type           Power      Damage    Failure   Level
a - Slow                  Hex            16%        N/A       32%         1

Your spell library contained the following spells:

 Spells                   Type           Power      Damage    Failure   Level
 Inner Flame              Hex/Fire       2%         N/A       82%         3
 Portal Projectile        Hex/Tloc       4%         N/A       82%         3
 Cause Fear               Hex            2%         N/A       97%         4

Inventory:

Hand Weapons
 Y - a +1 sling (weapon)
Armour
 e - a +0 ring mail (worn)
Jewellery
 h - a +5 ring of evasion (left hand)
Scrolls
 a - 2 scrolls of identify
 g - a scroll of enchant armour
 i - a scroll of teleportation
Potions
 d - a potion of might
 f - a potion of cancellation
 j - a potion of haste

Dungeon Overview and Level Annotations

Branches:
Dungeon (4/15)
 Temple: D:4-7

Altars:
Makhleb
Zin


Message History

A magic dart appears from out of thin air!
The magic dart hits you. The orc hits you with a +0 dagger.
The orc hits you but does no damage. The orc wizard misses you.
Something hits you. The orc hits you with a +0 dagger.
The orc closely misses you.
The orc wizard gestures at you while chanting.
You resist with some effort.
You feel less confused.
You hear some strange, mumbled words.
You are confused.
The orc hits you but does no damage. The orc completely misses you.
The orc wizard misses you. Something hits you but does no damage.
The orc closely misses you. The orc hits you with a +0 flail.
The orc wizard hits you with a +0 dagger.
Something hits you but does no damage. The orc barely misses you. x2
The orc wizard hits you with a +0 dagger.
You hear some strange, mumbled words.
A magic dart appears from out of thin air!
The magic dart hits you. The orc misses you. x2
The orc wizard hits you but does no damage.
Something barely misses you. The orc closely misses you.
The orc barely misses you.
The orc wizard hits you but does no damage.
Something hits you. The orc hits you with a +0 dagger.
The orc barely misses you.
The orc wizard points at you and mumbles some strange words.
You resist with some effort.
You feel less confused. Something hits you but does no damage.
The orc hits you with a +0 dagger. The orc closely misses you.
The orc wizard barely misses you.
2159 ||| READING 2 scrolls of teleportation.
As you read the scroll of teleportation, it crumbles to dust.
You feel strangely unstable. Something hits you.
The orc hits you with a +0 dagger. The orc misses you. You furiously retaliate!
You headbutt the orc!
You kill the orc!
The orc wizard points at you and mumbles some strange words.
The magic dart hits you.
You die...

....<.........#
..............#
..............#
..............#
..........(...#
..............#.
..$...{)........
#o@.....#
##o#....#
#...#.## #
##....##.#.# ..
##........##.#
##..####....
##...###.##
#........##.
#..##.##. ...


You could see an orc wizard and an orc.

Vanquished Creatures
  An ogre (D:4)
  A sleepcap (D:4)
  4 gnolls (D:3)
  3 adders (D:2)
  3 worms (D:3)
  2 dart slugs (D:2)
  6 orcs
  6 ball pythons
  4 endoplasms
  2 giant cockroaches
  7 goblins
  7 hobgoblins
  2 jackals (D:1)
  5 bats
  4 frilled lizards
  A kobold (D:2)
  3 rats
61 creatures vanquished.

Notes
Turn   | Place    | Note
-------+----------+-------------------------------------------
     0 | D:1      | qw the Minotaur Hexslinger began the quest for the Orb.
     0 | D:1      | Reached XP level 1. HP: 16/16 MP: 1/1
     0 | D:1      | 0 ||| qw: Version: 0.3-a-52-g30416fa
     0 | D:1      | 0 ||| qw: Game counter: 5941
     0 | D:1      | 0 ||| qw: Melee chars always use a shield: true
     0 | D:1      | 0 ||| qw: God list: Okawaru
     0 | D:1      | 0 ||| qw: Allow faded altars: false
     0 | D:1      | 0 ||| qw: Do Orc after clearing Dungeon:15 true
     0 | D:1      | 0 ||| qw: Do second Lair branch before Depths: true
     0 | D:1      | 0 ||| qw: Lair rune preference: random
     0 | D:1      | 0 ||| qw: Goals: Normal
     0 | D:1      | 0 ||| PLANNING D:1-11
   151 | D:1      | Reached skill level 3 in Ranged Weapons
   215 | D:1      | Reached XP level 2. HP: 23/23 MP: 2/2
   390 | D:1      | 390 ||| FLEEEEING.
   395 | D:1      | 395 ||| FLEEEEING.
   396 | D:1      | 396 ||| FLEEEEING.
   398 | D:1      | 398 ||| FLEEEEING.
   399 | D:1      | 399 ||| FLEEEEING.
   400 | D:1      | 400 ||| FLEEEEING.
   405 | D:1      | 405 ||| FLEEEEING.
   406 | D:1      | 406 ||| FLEEEEING.
   407 | D:1      | 407 ||| FLEEEEING.
   408 | D:1      | 408 ||| FLEEEEING.
   410 | D:1      | 410 ||| FLEEEEING.
   757 | D:1      | 757 ||| UPGRADING to +5 ring of evasion.
   758 | D:1      | 758 ||| READING 3 scrolls labelled QEKLET WEONOLUN.
   759 | D:1      | 759 ||| READING scroll labelled EPUTOS ZAJAGY.
   760 | D:1      | 760 ||| READING 2 scrolls labelled EROPRI GAHUNE.
   761 | D:1      | 761 ||| READING 2 scrolls labelled QOCROT WORIO.
   766 | D:1      | 766 ||| DRINKING 2 silvery potions.
   767 | D:1      | 767 ||| DROPPING scroll of poison.
   787 | D:2      | Found a faded altar of an unknown god.
   826 | D:2      | Reached XP level 3. HP: 29/29 MP: 3/3
   959 | D:2      | Reached skill level 4 in Ranged Weapons
  1330 | D:2      | 1330 ||| UPGRADING to +0 ring mail.
  1340 | D:2      | 1340 ||| DROPPING +0 robe.
  1341 | D:2      | 1341 ||| READING scroll labelled FATTOG IZEUCZO.
  1342 | D:2      | 1342 ||| READING 2 scrolls labelled ROASITIZUA.
  1343 | D:2      | 1343 ||| DROPPING scroll of revelation.
  1396 | D:3      | Reached XP level 4. HP: 14/36 MP: 4/4
  1527 | D:3      | Reached skill level 1 in Armour
  1829 | D:3      | Reached skill level 5 in Ranged Weapons
  1887 | D:3      | Found a glowing silver altar of Zin.
  1895 | D:3      | Identified the +1 robe "Dido" {+Inv rN+}
  1957 | D:3      | Found a burning altar of Makhleb.
  1977 | D:3      | Reached XP level 5. HP: 42/42 MP: 5/5
  1993 | D:3      | 1993 ||| DROPPING +1 robe "Dido" {+Inv rN+}.
  1994 | D:3      | 1994 ||| READING scroll labelled BURYTZE RENWASM.
  1995 | D:3      | 1995 ||| READING 5 scrolls of identify.
  1995 | D:3      | 1995 ||| IDENTIFYING sedimented emerald potion
  1996 | D:3      | 1996 ||| READING 4 scrolls of identify.
  1996 | D:3      | 1996 ||| IDENTIFYING smoky golden potion
  1997 | D:3      | 1997 ||| READING 3 scrolls of identify.
  1997 | D:3      | 1997 ||| IDENTIFYING amethyst potion
  1998 | D:3      | 1998 ||| DROPPING potion of attraction.
  2026 | D:4      | Noticed an ogre
  2037 | D:4      | Killed an ogre
  2049 | D:4      | 2049 ||| FLEEEEING.
  2056 | D:4      | 2056 ||| STAIRDANCE
  2155 | D:4      | HP: 11/47 [something/magic dart (5)]
  2159 | D:4      | 2159 ||| READING 2 scrolls of teleportation.
  2159 | D:4      | HP: 5/47 [something (1)]
  2159 | D:4      | Killed from afar by an orc wizard

Levels and vault maps discovered:
D:1:      eino_arrival_water_cross, layout_basic
D:2:      layout_loops_ring, basic_ecumenical_altar
D:3:      layout_rooms, mainiacjoe_overflow_tiny_flanked, lightli_temple_of_fire
D:4:      layout_rooms, mainiacjoe_overflow_catwalk,
          nicolae_overflow_crystal_walls, minmay_misc_feat_doors,
          nicolae_letterblocks [nicolae_letter_subblock,
          nicolae_letter_subblock, nicolae_letter_subblock,
          nicolae_letter_subblock, nicolae_letter_subblock,
          nicolae_letter_subblock, nicolae_letter_subblock,
          nicolae_letter_subblock, nicolae_letter_subblock,
          nicolae_letter_subblock, nicolae_letter_subblock,
          nicolae_letter_subblock, nicolae_letter_subblock,
          nicolae_letter_subblock, nicolae_letter_subblock,
          nicolae_letter_subblock, nicolae_letter_subblock,
          nicolae_letter_subblock, nicolae_letter_subblock,
          nicolae_letter_subblock, nicolae_letter_subblock,
          nicolae_letter_subblock, nicolae_letter_subblock,
          nicolae_letter_subblock, nicolae_letter_subblock], uniq_duvessa

Skill      XL: |  1  2  3  4  5 |
---------------+----------------+-----
Ranged Weapons | 3 4 5 |  5.4
Fighting       | 2 4 |  4.4
Armour         | 1 |  1.0
Dodging        | |  2.1
Spellcasting   | |  1.0
Hexes          | |  2.0

Action                     |  1- 3 |  4- 6 || total
---------------------------+-------+-------++-------
   Fire: Sling             |   121 |   106 ||   227
    Use: Scroll            |     6 |     5 ||    11
         Potion            |     1 |       ||     1
 Armour: Robe              |     4 |       ||     4
         Ring mail         |     1 |    13 ||    14
  Dodge: Dodged            |    30 |    71 ||   101

Table legend:
 A = Non-vault XP
 B = Vault XP
 C = Vault XP percentage of total XP
 D = Non-vault monster count
 E = Vault monster count
 F = Vault count percentage of total count
                 A         B        C        D         E       F
            +---------+---------+-------+---------+---------+-------
      Total |     361 |       0 |   0.0 |      61 |       0 |   0.0
            +---------+---------+-------+---------+---------+-------
        D:1 |      31 |       0 |   0.0 |      18 |       0 |   0.0
        D:2 |      64 |       0 |   0.0 |      17 |       0 |   0.0
        D:3 |     101 |       0 |   0.0 |      21 |       0 |   0.0
        D:4 |     165 |       0 |   0.0 |       5 |       0 |   0.0
            +---------+---------+-------+---------+---------+-------
